 Dungeon Crawl Stone Soup version 0.30.1-11-g7821555f0a (webtiles) character file.

Game seed: 12158074190440754451

13 Skitler the Ducker (level 2, 22/22 HPs)
             Began as a Demonspawn Gladiator on Jan 9, 2024.
             Got out of the dungeon alive.
             The game lasted 00:03:43 (399 turns).

Skitler the Ducker (Demonspawn Gladiator)            Turns: 399, Time: 00:03:43

Health: 22/22      AC:  5    Str: 14    XL:     2   Next: 24%
Magic:  2/2        EV: 16    Int:  9    God:
Gold:   7          SH:  0    Dex: 14    Spells: 1/1 levels left

rFire   . . .        a - +0 war axe
rCold   . . .        (no shield)
rNeg    . . .        f - +0 ring mail
rPois   .            (helmet restricted)
rElec   .            (no cloak)
rCorr   .            (no gloves)
SInv    .            (no boots)
Will    .....        (no amulet)
Stlth   +            g - +5 ring of evasion
HPRegen 0.23/turn    (no ring)
MPRegen 0.08/turn

%: no passive effects
@: no status effects
A: antennae 1
a: no special abilities


You escaped.
You visited 1 branch of the dungeon, and saw 1 of its levels.

You collected 7 gold pieces.

Inventory:

Hand Weapons
 a - a +0 war axe (weapon)
Missiles
 d - 3 throwing nets (quivered)
 e - a javelin
Armour
 b - a +0 leather armour
 c - a +0 helmet
 f - a +0 ring mail (worn)
Jewellery
 g - a +5 ring of evasion (left hand)
Scrolls
 h - a scroll of enchant armour {unknown}
Potions
 i - a potion of curing {unknown}


   Skills:
 + Level 2.1 Fighting
 + Level 3.0 Axes
 + Level 1.8 Throwing
 + Level 3.0 Dodging


You had one spell level left.
You didn't know any spells.
Your spell library was empty.

Dungeon Overview and Level Annotations

Branches:
Dungeon (1/15)

Altars:


Innate Abilities, Weirdness & Mutations

You have a pair of small antennae on your head.


Message History

No target in view!
You see here a +3 dagger.
h - a scroll labelled VOCOXO KELOIZEERA
Found a dagger.
You see here a +0 dagger.
Key pressed, stopping explore.
No target in view!
You open the door.
There is an open door here.
Key pressed, stopping explore.
You open the door.
There is an open door here.
Found a helmet.
A rat comes into view.
The rat moves out of view.
You hit the rat but do no damage. The rat closely misses you.
You slash the rat!
You kill the rat!
No target in view!
No target in view!
No target in view!
No target in view!
No target in view!
No target in view!
No target in view!
No target in view!
No target in view!
i - a fuming emerald potion
Things that are here:
a +0 dagger; a goblin skeleton
There is a fountain of clear blue water here.
There is a fountain of clear blue water here.
There is an escape hatch in the floor here.
There is a fountain of clear blue water here.
There is a fountain of clear blue water here.
There is a staircase leading out of the dungeon here.
Are you sure you want to leave the Dungeon?
This will make you lose the game!
Uppercase [Y]es or [N]o only, please.
Are you sure you want to leave the Dungeon?
This will make you lose the game!
You have escaped!

........###
#...[.......†......
..#######
####.......###.####
.)### #.......### ..
....# #.........# #.
....# #########.# ....#
############### #.......
....# #.............#
####.... ....#
#.............# ...
....######......@......#
.#
#.......##.............#
#
#.......##.............#
#.......#######.⌠.######
#.........# #...#
###.##÷...# #.⌠.#
#.......# #...#
####....# #.>.# #....#
#...#


There were no monsters in sight!

Vanquished Creatures
  4 bats (D:1)
  3 hobgoblins (D:1)
  2 goblins (D:1)
  2 kobolds (D:1)
  2 rats (D:1)
13 creatures vanquished.

Notes
Turn   | Place    | Note
-------+----------+-------------------------------------------
     0 | D:1      | Skitler the Demonspawn Gladiator began the quest for the
                  | Orb.
     0 | D:1      | Reached XP level 1. HP: 16/16 MP: 1/1
   177 | D:1      | Gained mutation: You have a pair of small antennae on your
                  | head. [demonic ancestry]
   177 | D:1      | Reached XP level 2. HP: 22/22 MP: 2/2
   399 | D:$      | Got out of the dungeon alive.

Illustrated notes

Levels and vault maps discovered:
D:1:      lemuel_arrival_hallway, layout_basic

Skill      XL: |  1  2 |
---------------+-------+-----
Dodging        | 3 |  3.0
Axes           | 3 |  3.0
Fighting       | |  2.1
Throwing       | |  1.8

Action                     || total
---------------------------++-------
  Melee: War axe           ||    23
         Punch             ||     1
    Use: Scroll            ||     2
 Armour: Ring mail         ||     7
  Dodge: Dodged            ||    16
